 Dungeon Crawl Stone Soup version 0.28-a0-224-g76b539d98b (webtiles) character file.

Game seed: 15390581325656141386

138 mathmaestro the Vandal (level 5, -1/36 HPs)
             Began as a Halfling Hunter on Sept 23, 2020.
             Slain by a river rat (7 damage)
             ... in a sewer on Aug 22, 2021.
             The game lasted 00:08:49 (3324 turns).

mathmaestro the Vandal (Halfling Hunter)            Turns: 3324, Time: 00:08:50

Health: -1/36      AC:  3    Str: 13    XL:     5   Next: 45%
Magic:  5/5        EV: 15    Int: 10    God:
Gold:   138        SH:  0    Dex: 15    Spells: 4/4 levels left

rFire   . . .      SeeInvis .   a - +1 hunting sling
rCold   . . .      Faith    .   (shield restricted)
rNeg    . . .      Spirit   .   c - +0 leather armour
rPois   .          Reflect  .   (no helmet)
rElec   .          Harm     .   (no cloak)
rCorr   .          Rampage  .   (no gloves)
Will    .....                   (no boots)
Stlth   ++........              m - amulet of magic regeneration
HPRegen 0.12/turn               (no ring)
MPRegen 0.34/turn               (no ring)

@: brilliant
A: small, no large weapons, mutation resistance 1
a: no special abilities


You were in a sewer.
You visited 1 branch of the dungeon, and saw 3 of its levels.
You also visited: Sewer.

You collected 138 gold pieces.

Inventory:

Hand Weapons
 a - a +1 hunting sling (weapon)
 f - a +0 dagger
Missiles
 b - 117 stones (quivered ammo)
 d - 39 sling bullets (quivered)
Armour
 c - a +0 leather armour (worn)
Jewellery
 m - an amulet of magic regeneration (around neck)
Scrolls
 e - 2 scrolls of immolation
 h - 2 scrolls of magic mapping {unknown}
 j - 3 scrolls of teleportation
 o - a scroll of amnesia {unknown}
 r - a scroll of identify {unknown}
Potions
 g - a potion of brilliance
 i - a potion of cancellation {unknown}
 k - a potion of resistance
 l - a potion of mutation {unknown}
 n - a potion of berserk rage {unknown}
 p - a potion of invisibility {unknown}
 q - 2 potions of curing {unknown}


   Skills:
 + Level 2.8 Fighting
 + Level 6.8 Slings
 + Level 3.4 Dodging
 + Level 2.9 Stealth


You had 4 spell levels left.
You didn't know any spells.
Your spell library was empty.

Dungeon Overview and Level Annotations

Branches:
Dungeon (3/15)              Sewer (1/1)

Altars:
Nemelex Xobeh
Xom


Innate Abilities, Weirdness & Mutations

You are small and have problems with some larger weapons.
You are somewhat resistant to further mutation.


Message History

The river rat is moderately wounded.
Fire: 44 sling bullets
Press: ? - help, Q - select action, (/) - cycle Shift-Dir - straight line, f/p - rat
Aim: a rat (64% to hit)
You shoot a sling bullet. The sling bullet hits the river rat.
The river rat is severely wounded.
The river rat barely misses you. x2
Fire: 43 sling bullets
Press: ? - help, Q - select action, (/) - cycle Shift-Dir - straight line, f/p - rat
Aim: a rat (64% to hit)
You shoot a sling bullet.
The sling bullet hits the river rat but does no damage.
The river rat is severely wounded.
The river rat barely misses you. The river rat closely misses you.
Unknown command.
Fire: 42 sling bullets
Press: ? - help, Q - select action, (/) - cycle Shift-Dir - straight line, f/p - rat
Aim: a rat (64% to hit)
You shoot a sling bullet.
The sling bullet barely misses the river rat.
The sling bullet closely misses the rat.
The river rat barely misses you. The river rat closely misses you.
Fire: 41 sling bullets
Press: ? - help, Q - select action, (/) - cycle Shift-Dir - straight line, f/p - rat
Aim: a rat (64% to hit)
You shoot a sling bullet.
The sling bullet closely misses the river rat.
The sling bullet hits the rat!
You kill the rat!
The river rat barely misses you. The river rat closely misses you.
Fire: 40 sling bullets
Press: ? - help, Q - select action, (/) - cycle Shift-Dir - straight line, f - river rat
Aim: a river rat (61% to hit)
You shoot a sling bullet. The sling bullet hits the river rat!
The river rat is severely wounded.
The rat twitches its whiskers.
The river rat bites you!
* * * LOW HITPOINT WARNING * * *
The river rat bites you!
You die...

#.#
#.#
#.#
#.#
#∩#
#r#
#r#
#r#
#@#
#r#
#(#
###


You could see 2 river rats and 2 rats.

Vanquished Creatures
  Jessica (D:3)
  4 adders
  2 worms (D:2)
  A dart slug (D:2)
  3 ball pythons (D:2)
  5 bats
  3 endoplasms
  10 giant cockroaches
  5 goblins
  4 hobgoblins
  3 jackals (D:2)
  4 kobolds
  7 quokkas
  8 rats
60 creatures vanquished.

Notes
Turn   | Place    | Note
-------+----------+-------------------------------------------
     0 | D:1      | mathmaestro the Halfling Hunter began the quest for the
                  | Orb.
     0 | D:1      | Reached XP level 1. HP: 14/14 MP: 1/1
   155 | D:1      | Upgraded the game from 0.26-a0-646-g5d7718319a to
                  | 0.28-a0-224-g76b539d98b
   228 | D:1      | Reached skill level 6 in Slings
   228 | D:1      | Reached XP level 2. HP: 17/19 MP: 2/2
  1044 | D:2      | Reached XP level 3. HP: 5/24 MP: 3/3
  1331 | D:2      | Found a shimmering altar of Xom.
  1707 | D:2      | Reached XP level 4. HP: 17/30 MP: 4/4
  2553 | D:2      | Found a faded altar of an unknown god.
  2976 | D:3      | Found a sparkling altar of Nemelex Xobeh.
  3171 | D:3      | Reached XP level 5. HP: 25/35 MP: 5/5
  3215 | D:3      | Noticed Jessica
  3220 | D:3      | Killed Jessica
  3257 | D:3      | Found a glowing drain.
  3307 | Sewer    | Entered a sewer
  3324 | Sewer    | Slain by a river rat

Illustrated notes

Levels and vault maps discovered:
D:1:      lightli_arrival_windingriver, layout_basic
D:2:      cheibrodos_helix_gallery, layout_basic, basic_altar,
          dilly_ecumenical_altar_fadedgnrine, minmay_tiny_reverse_x
D:3:      layout_basic, mainiacjoe_overflow_catch_the_wave,
          portal_sewer_entry_f, uniq_ijyb, uniq_jessica
Sewer:    sewer_kobolds

Skill      XL: |  1  2  3  4 |
---------------+-------------+-----
Slings         | 6 |  6.8
Fighting       | 2 |  2.8
Stealth        | 2 |  2.9
Dodging        | 3 |  3.4

Action                   |  1- 3 |  4- 6 || total
-------------------------+-------+-------++-------
Melee: Short sword       |    13 |       ||    13
       Dagger            |   136 |   194 ||   330
 Fire: Hunting sling     |    11 |    30 ||    41
  Use: Scroll            |     2 |       ||     2
       Potion            |       |     1 ||     1
 Stab: Sleeping          |     1 |     1 ||     2
Armor: Leather armour    |    32 |    45 ||    77
Dodge: Dodged            |   146 |   184 ||   330

Table legend: (Time is in decaauts)
 A = Elapsed time spent in this place.
 B = Non-inter-level travel time spent in this place.
 C = Inter-level travel time spent in this place.
 D = Time resting spent in this place.
 E = Time spent auto-exploring this place.
 F = Levels seen in this place.
 G = Mean time per level.
                   A        B        C        D        E       F      G
               +--------+--------+--------+--------+--------+-----+--------+
         Total |   3317 |   3264 |     53 |    914 |   1534 |   4 |  829.2 |
       Dungeon |   3302 |   3249 |     53 |    914 |   1534 |   3 | 1100.7 |
         Sewer |     15 |     15 |      0 |      0 |      0 |   1 |   15.0 |
               +--------+--------+--------+--------+--------+-----+--------+

Top non-repeatable levels by time:
     D:2: 2147 daAuts
     D:1: 795 daAuts
     D:3: 360 daAuts
   Sewer: 15 daAuts
